Map: King Sejong Station LE

Players

Fropez - Winner!

  • Race: Protoss Protoss
  • League: Gold
  • Spawn Location: 5:00

Ogopogo

  • Race: Protoss Protoss
  • League: Gold
  • Spawn Location: 11:00

VOD

Have the link to the VOD?

Description

Time

  • Played on: Nov. 8, 2016, 6:31 p.m.
  • Length: 16:03
Show
View Real Time Build Order
Export as new Build Order

Fropez Protoss - Winner!

Build Orders:  

Get SALT Encoding   

  12  0:01  Probe (Chrono Boost)  
  13  0:18  Pylon, Probe (Chrono Boost)  
  14  0:29  Probe (Chrono Boost)  
  15  0:39  Probe (Chrono Boost)  
  15  0:40  Gateway  
  16  0:50  Probe (Chrono Boost), Assimilator  
  17  1:00  Probe (Chrono Boost)  
  18  1:11  Probe (Chrono Boost)  
  19  1:22  Probe (Chrono Boost)  
  20  1:29  Cybernetics Core  
  20  1:32  Assimilator  
  20  1:33  Probe (Chrono Boost)  
  21  1:43  Probe (Chrono Boost)  
  21  1:44  Pylon  
  22  1:47  Pylon  
  23  1:54  Probe (Chrono Boost)  
  24  2:09  Mothership Core (Chrono Boost)  
  24  2:12  Adept  
  27  2:21  Nexus  
  27  2:34  Probe (Chrono Boost)  
  28  2:42  Pylon  
  28  2:43  Warp Gate (Chrono Boost)  
  28  2:45  Adept, Probe  
  31  2:58  Twilight Council  
  31  3:01  Probe  
  32  3:12  Gateway  
  31  3:13  Probe  
  32  3:25  Probe  
  33  3:39  Probe x2  
  33  3:45  Resonating Glaives (Chrono Boost)  
  33  3:49  Probe  
  33  3:51  Probe  
  33  3:54  Pylon  
  35  4:00  Probe  
  36  4:04  Probe  
  36  4:05  Pylon  
  36  4:07  Adept x2  
  41  4:11  Probe  
  41  4:16  Probe  
  43  4:17  Assimilator  
  43  4:21  Probe  
  44  4:26  Robotics Facility  
  44  4:28  Probe  
  45  4:32  Probe  
  46  4:48  Probe  
  46  4:49  Probe  
  46  4:51  Dark Shrine  
  48  4:55  Stalker x2  
  48  4:59  Probe  
  52  5:01  Probe  
  52  5:05  Assimilator  
  54  5:17  Gateway  
  54  5:19  Forge  
  54  5:20  Probe x2  
  55  5:21  Forge  
  55  5:27  Pylon  
  56  5:29  Gateway  
  56  5:30  Probe  
  56  5:32  Gateway  
  56  5:33  Observer (Chrono Boost)  
  58  5:37  Stalker  
  58  5:39  Stalker  
  58  5:41  Probe  
  63  5:46  Blink (Chrono Boost)  
  63  5:54  Immortal  
  67  5:57  Probe  
  67  5:58  Probe  
  69  6:04  Stalker  
  69  6:06  Stalker  
  69  6:09  Probe  
  74  6:13  Protoss Ground Weapons Level 1 (Chrono Boost)  
  74  6:14  Protoss Ground Armor Level 1 (Chrono Boost)  
  74  6:25  Dark Templar  
  76  6:30  Dark Templar  
  78  6:33  Probe x2  
  78  6:35  Dark Templar  
  82  6:45  Probe, Stalker  
  85  6:53  Probe  
  86  7:04  Pylon  
  86  7:10  Pylon, Probe x2  
  86  7:13  Pylon  
  86  7:17  Pylon  
  86  7:19  Pylon  
  90  7:23  Immortal  
  90  7:26  Pylon  
  90  7:31  Stalker x4  
  96  7:44  Nexus  
  96  7:54  Gateway  
  96  7:56  Gateway  
  96  7:59  Gateway  
  96  8:03  Gateway  
  96  8:08  Stalker x2  
  96  8:11  Stalker x2  
  104  8:18  Probe  
  105  8:20  Pylon  
  105  8:21  Stalker  
  105  8:22  Probe  
  108  8:30  Probe  
  108  8:32  Observer  
  108  8:33  Protoss Ground Armor Level 2 (Chrono Boost), Protoss Ground Weapons Level 2 (Chrono Boost)  
  110  8:36  Probe  
  111  8:44  Stalker  
  111  8:45  Stalker  
  115  8:49  Probe x2  
  117  9:16  Robotics Bay  
  117  9:17  Assimilator  
  117  9:20  Dark Templar x3  
  117  9:21  Dark Templar  
  117  9:22  Assimilator  
  125  9:42  Gateway  
  125  9:43  Gateway  
  117  10:12  Stalker x3  
  117  10:13  Stalker x4  
  127  10:20  Gateway  
  127  10:22  Gateway  
  127  10:32  Photon Cannon  
  127  10:33  Probe  
  127  10:34  Photon Cannon  
  127  10:35  Probe  
  129  10:36  Pylon  
  129  10:40  Pylon  
  129  10:46  Probe  
  129  10:48  Probe  
  131  10:50  Observer (Chrono Boost)  
  131  10:53  Protoss Ground Weapons Level 3 (Chrono Boost)  
  131  10:57  Protoss Shields Level 1 (Chrono Boost)  
  131  11:03  Nexus, Dark Templar x4  
  131  11:04  Dark Templar  
  141  11:07  Assimilator  
  141  11:10  Observer  
  142  11:12  Assimilator  
  142  11:14  Pylon  
  142  11:18  Pylon  
  142  11:21  Photon Cannon  
  142  11:24  Photon Cannon  
  142  11:27  Pylon  
  142  11:31  Dark Templar x4  
  150  11:33  Archon x2  
  150  11:35  Archon x2  
  150  11:39  Pylon  
  150  12:05  Photon Cannon  
  150  12:07  Photon Cannon  
  150  12:10  Photon Cannon  
  150  12:13  Pylon, Probe  
  150  12:14  Pylon  
  150  12:15  Probe  
  152  12:32  Dark Templar x2  
  152  12:33  Dark Templar x5  
  152  12:36  Archon  
  166  12:37  Archon x2  
  166  12:47  Nexus  
  166  12:50  Assimilator  
  165  12:54  Assimilator  
  165  12:58  Pylon  
  165  12:59  Pylon  
  165  13:00  Stalker x5  
  165  13:04  Stalker  
  150  13:24  Stalker x5  
  150  13:25  Stalker x6  
  150  13:26  Stalker  
  146  13:48  Stalker x2  
  146  13:49  Stalker x5  
  146  13:50  Stalker  
  140  14:28  Stalker  
  140  14:29  Stalker x6  
  140  14:30  Stalker x6  
  137  15:03  Nexus  
  127  15:26  Stalker x3  
  127  15:27  Stalker x6  
  127  15:28  Stalker  
  143  15:52  Photon Cannon  
  143  15:53  Photon Cannon  
  143  15:56  Photon Cannon  
  143  15:57  Pylon  
  143  15:58  Stalker x2  
  143  15:59  Stalker x5  
Show
View Real Time Build Order
Export as new Build Order

Ogopogo Protoss 

Build Orders:  

Get SALT Encoding   

  12  0:02  Probe (Chrono Boost)  
  13  0:12  Probe (Chrono Boost)  
  14  0:19  Pylon  
  14  0:23  Probe (Chrono Boost)  
  15  0:37  Probe (Chrono Boost)  
  15  0:38  Gateway  
  16  0:48  Probe (Chrono Boost), Assimilator  
  17  0:58  Probe (Chrono Boost)  
  17  1:01  Gateway  
  18  1:09  Probe (Chrono Boost)  
  19  1:19  Probe (Chrono Boost)  
  20  1:29  Cybernetics Core  
  20  1:30  Probe (Chrono Boost)  
  21  1:34  Pylon  
  21  1:36  Assimilator  
  21  1:40  Probe (Chrono Boost)  
  22  1:51  Probe (Chrono Boost)  
  23  2:03  Probe (Chrono Boost)  
  23  2:06  Adept x2  
  23  2:08  Warp Gate  
  28  2:14  Probe (Chrono Boost)  
  29  2:25  Pylon, Mothership Core (Chrono Boost)  
  31  2:43  Stalker x2  
  35  3:11  Nexus  
  35  3:15  Pylon  
  35  3:17  Pylon  
  35  3:40  Stalker x2  
  35  4:00  Stargate  
  35  4:16  Probe (Chrono Boost)  
  36  4:26  Probe (Chrono Boost)  
  36  4:27  Robotics Facility  
  36  4:28  Gateway  
  37  4:36  Stalker x2  
  37  4:37  Probe (Chrono Boost)  
  42  4:43  Probe (Chrono Boost)  
  43  4:47  Probe (Chrono Boost)  
  44  4:53  Probe (Chrono Boost)  
  44  4:54  Assimilator  
  44  4:58  Probe (Chrono Boost), Assimilator  
  46  5:01  Oracle  
  46  5:04  Probe (Chrono Boost)  
  50  5:09  Probe (Chrono Boost)  
  51  5:16  Observer  
  52  5:22  Adept x2  
  52  5:27  Probe x2 (Chrono Boost)  
  58  5:36  Void Ray  
  58  5:37  Probe x2 (Chrono Boost)  
  64  5:48  Probe x2 (Chrono Boost)  
  66  5:51  Observer  
  66  5:55  Adept  
  69  5:58  Probe (Chrono Boost)  
  69  6:03  Pylon  
  70  6:05  Pylon  
  70  6:08  Twilight Council  
  70  6:11  Forge  
  70  6:21  Probe x2 (Chrono Boost)  
  70  6:24  Immortal  
  76  6:27  Void Ray  
  80  7:01  Stalker x3  
  86  7:33  Protoss Ground Weapons Level 1  
  86  7:34  Pylon  
  86  7:35  Pylon  
  86  7:38  Pylon, Photon Cannon  
  86  7:41  Photon Cannon  
  86  7:45  Pylon  
  86  7:48  Pylon  
  86  7:52  Immortal  
  86  7:54  Probe x2 (Chrono Boost)  
  92  8:04  Probe x2 (Chrono Boost)  
  94  8:06  Void Ray  
  98  8:16  Resonating Glaives  
  98  8:31  Immortal  
  99  8:49  Void Ray  
  102  9:16  Observer  
  103  9:27  Protoss Ground Armor Level 1  
  103  9:34  Stalker  
  103  9:35  Stalker x2  
  103  9:38  Observer  
  109  9:56  Blink  
  109  9:59  Observer  
  108  10:20  Observer  
  109  10:32  Nexus, Photon Cannon  
  109  10:35  Pylon  
  109  10:37  Pylon  
  109  10:40  Adept x3, Assimilator  
  109  10:41  Photon Cannon  
  109  10:42  Observer  
  116  10:45  Assimilator  
  116  10:53  Void Ray (Chrono Boost)  
  120  11:03  Observer  
  121  11:13  Gateway  
  121  11:15  Gateway  
  121  11:16  Gateway  
  121  11:18  Adept x3, Gateway  
  123  11:21  Gateway  
  127  11:29  Protoss Air Weapons Level 1  
  127  11:35  Void Ray (Chrono Boost)  
  131  12:02  Stalker  
  131  12:03  Stalker x2  
  137  12:12  Void Ray (Chrono Boost)  
  141  12:17  Fleet Beacon  
  141  12:20  Stargate  
  141  12:22  Stargate  
  141  12:32  Photon Cannon  
  141  12:34  Photon Cannon  
  141  12:35  Photon Cannon  
  141  12:39  Photon Cannon  
  141  12:49  Void Ray (Chrono Boost)  
  145  13:04  Immortal  
  157  13:17  Tempest x2 (Chrono Boost)  
  117  13:27  Void Ray (Chrono Boost)  
  97  13:38  Stalker x2  
  87  14:00  Tempest x2 (Chrono Boost)  
  86  14:03  Stalker x2  
  86  14:04  Void Ray (Chrono Boost), Stalker x3  
  92  14:25  Stalker  
  92  14:28  Stalker  
  92  14:29  Stalker x3  
  78  15:06  Pylon, Stalker  
  78  15:07  Stalker x4  
  74  15:12  Stalker  
  69  15:21  Stalker  
  69  15:23  Stalker  
  69  15:42  Pylon  
  66  15:45  Pylon  
Tags
 
League
GoldGold
Matchup
PvP
Replay Pack
All Mines
Spawn Locations
Cross Positions
Add a new tag
Caveats
  • Supply blocks, unpowered buildings, or Contaminate may cause inaccurate times.
  • Supply counts are checked every 10 seconds.